 Dungeon Crawl Stone Soup version 0.30.1 (webtiles) character file.

Game seed: 7299897143286788276

126830 kawopi the Eclecticist (level 15, -4/103 HPs)
             Began as a Demigod Air Elementalist on July 5, 2023.
             Slain by a six-headed hydra (7 damage)
             ... on level 4 of the Swamp on July 6, 2023.
             The game lasted 01:38:13 (45696 turns).

kawopi the Eclecticist (Demigod Air Elementalist)  Turns: 45696, Time: 01:38:13

Health: -4/103     AC:  8    Str: 13    XL:     15   Next: 98%
Magic:  30/40      EV: 29    Int: 41    God:
Gold:   1367       SH:  0    Dex: 25    Spells: 8/45 levels left

rFire   + . .        s - staff of air
rCold   + . .        (no shield)
rNeg    . . .        d - +2 robe {rC+ rF+}
rPois   +            l - +1 helmet "Xogaig" {+Blink Int+2}
rElec   +            V - scarf {+Inv}
rCorr   .            f - +2 pair of gloves
SInv    .            q - -2 pair of boots "Qigiaz" {rPois Dex+8}
Will    +....        K - amulet of the acrobat
Stlth   +++          N - ring "Kuzob" {rPois Int+6 Dex+3}
HPRegen 0.37/turn    H - ring of wizardry
MPRegen 0.27/turn

%: acrobat, wizardry (x1)
@: swift, about to teleport, acrobatic, flying, very quick
A: high MP 1, forlorn, divine attributes
a: Evoke Blink, Evoke Invisibility


You were on level 4 of the Swamp.
You visited 4 branches of the dungeon, and saw 26 of its levels.
You also visited: Sewer and Gauntlet.

You collected 2507 gold pieces.
You spent 1140 gold pieces at shops.

Inventory:

Hand Weapons
 a - a +4 demon whip of venom
 T - the +2 war axe of the Lusting Gods {chaos, rF+ Str+3}
   (You took it off a minotaur in a Gauntlet)

   Str:       It affects your strength (+3).
   rF:        It protects you from fire.
Armour
 d - a +2 robe of resistance (worn)
 f - a +2 pair of gloves (worn)
 l - the +1 helmet "Xogaig" (worn) {+Blink Int+2}
   (You found it in a Gauntlet)

   Int:       It affects your intelligence (+2).
   +Blink:    It lets you blink.
 q - the -2 pair of boots "Qigiaz" (worn) {rPois Dex+8}
   (You acquired it on level 4 of the Dungeon)

   Dex:       It affects your dexterity (+8).
   rPois:     It protects you from poison.
 u - the +2 buckler "Juamaklo" {Rampage rC++ rN+ Will+}
   (You took it off a wight on level 6 of the Dungeon)

   rC:        It greatly protects you from cold.
   rN:        It protects you from negative energy.
   Rampage:   It bestows one free step when moving towards enemies.
   Will:      It increases your willpower.
 A - a scarf of harm
 B - a +2 cloak of willpower
 R - the +1 leather armour of Veujokof {rF+ rC+ Dex-4 Stlth+}
   (You found it on level 3 of the Lair of Beasts)

   Dex:       It affects your dexterity (-4).
   rF:        It protects you from fire.
   rC:        It protects you from cold.
   Stlth:     It makes you more stealthy.
 U - +1 acid dragon scales
 V - a scarf of invisibility (worn)
Magical Staves
 s - a staff of air (weapon)
Jewellery
 g - a ring of poison resistance
 p - a ring of positive energy
 t - a ring of protection from cold
 v - a ring of protection from fire
 z - a ring of see invisible
 H - a ring of wizardry (right hand)
 J - a ring of resist corrosion
 K - an amulet of the acrobat (around neck)
 N - the ring "Kuzob" (left hand) {rPois Int+6 Dex+3}
   (You took it off a minotaur in a Gauntlet)

   [ring of intelligence]

   Int:       It affects your intelligence (+6).
   Dex:       It affects your dexterity (+3).
   rPois:     It protects you from poison.
 P - a ring of protection from cold
Wands
 n - a wand of polymorph (15)
 r - a wand of flame (54)
 G - a wand of paralysis (15)
 I - a wand of acid (24)
 M - a wand of iceblast (13)
Scrolls
 c - 9 scrolls of identify
 m - 2 scrolls of poison
 w - 6 scrolls of fog
 x - a scroll of teleportation
 y - 2 scrolls of magic mapping
 C - a scroll of brand weapon
 F - 2 scrolls of silence
 Q - a scroll of enchant weapon
 S - 2 scrolls of enchant armour
Potions
 b - 2 potions of flight
 e - 8 potions of might
 h - 8 potions of mutation
 i - 3 potions of ambrosia
 j - 9 potions of curing
 k - 9 potions of attraction
 o - a potion of resistance
 D - 3 potions of berserk rage
 E - 2 potions of brilliance
 L - 2 potions of lignification


   Skills:
 + Level 1.7 Fighting
 + Level 0.7(1.0) Maces & Flails
 + Level 0.8(1.0) Staves
 - Level 4.1 Armour
 + Level 3.5 Dodging
 + Level 4.1 Stealth
 - Level 15.5 Spellcasting
 * Level 11.4 Conjurations
 * Level 9.7 Necromancy
 + Level 1.2 Translocations
 + Level 0.7 Fire Magic
 - Level 15.3 Air Magic
 + Level 0.2 Earth Magic
 + Level 1.3 Evocations


You had 8 spell levels left.
You knew the following spells:

 Your Spells              Type           Power      Damage    Failure   Level
a - Shock                 Conj/Air       100%       1d9       0%          1
b - Swiftness             Air            100%       N/A       0%          3
c - Static Discharge      Conj/Air       100%       2-7/arc   0%          2
d - Airstrike             Air            63%        2d(9-25)  0%          4
e - Blink                 Tloc           84%        N/A       1%          2
f - Sublimation of Blood  Necr           84%        N/A       1%          2
g - Stone Arrow           Conj/Erth      100%       3d13      1%          3
h - Fireball              Conj/Fire      34%        3d14      1%          5
i - Orb of Destruction    Conj           45%        9d12      3%          7
j - Maxwell's Capacitive  Air            63%        ∞         4%          8

Your spell library contained the following spells:

 Spells                   Type           Power      Damage    Failure   Level
 Freeze                   Ice            100%       1d10      1%          1
 Lesser Beckoning         Tloc           84%        N/A       1%          2
 Momentum Strike          Conj/Tloc      100%       3d10      1%          2
 Poisonous Vapours        Pois/Air       100%       N/A       1%          2
 Wereblood                Tmut           31%        N/A       1%          2
 Frozen Ramparts          Ice            62%        1d10      1%          3
 Hailstorm                Conj/Ice       68%        3d14      1%          3
 Summon Guardian Golem    Hex/Summ       31%        N/A       1%          3
 Anguish                  Hex/Necr       32%        N/A       1%          4
 Summon Lightning Spire   Summ/Air       97%        N/A       1%          4
 Irradiate                Conj/Tmut      34%        3d23      1%          5
 Iskenderun's Battlesphe  Conj           90%        2d14      1%          5
 Conjure Ball Lightning   Conj/Air       59%        3x3d21    1%          6
 Manifold Assault         Tloc           42%        N/A       2%          4
 Animate Armour           Summ/Erth      64%        N/A       3%          4
 Cause Fear               Hex            15%        N/A       4%          4
 Starburst                Conj/Fire      34%        6d10      4%          6
 Summon Forest            Summ/Tloc      18%        N/A       9%          5
 Blade Hands              Tmut           15%        N/A       11%         5
 Summon Mana Viper        Hex/Summ       31%        N/A       11%         5
 Spellforged Servitor     Conj/Summ      34%        N/A       28%         7
 Dispersal                Tloc           21%        N/A       32%         6
 Summon Cactus Giant      Summ           15%        N/A       47%         6
 Lehudib's Crystal Spear  Conj/Erth      34%        10d9      89%         8
 Malign Gateway           Summ/Tloc      18%        N/A       91%         7
 Dragon Form              Tmut           15%        N/A       95%         7
 Enfeeble                 Hex            15%        N/A       95%         7
 Summon Hydra             Summ           15%        N/A       95%         7
 Disjunction              Tloc           21%        N/A       100%        8
 Summon Horrible Things   Summ           15%        N/A       100%        8


Dungeon Overview and Level Annotations

Branches:
Dungeon (15/15)            Temple (0/1) D:5            Lair (5/5) D:9
  Swamp (4/4) Lair:2        Snake (0/4) Lair:2        Slime (0/5) Lair:5
    Orc (2/2) D:12            Elf (0/3) Orc:2        Vaults (0/5) D:14
 Depths (0/4) D:15          Sewer (visited)         Gauntlet (visited)

Shops:
D:1 [   D:8 =   D:9 [   D:11 !   D:13 (:=   Orc:2 ![[[=

Portals:
Abyss: Orc:1
Trove: D:11 (give +7 demon whip)

Annotations:
Lair:3 1 runed translucent door, AgateBread's ghost, journeyman TeAE
Orc:1 2 transporters, croobank's ghost, adept OpSu


Innate Abilities, Weirdness & Mutations

You have an increased reservoir of magic. (+10% MP)
You shall have no god before yourself.
Your divine heritage dramatically boosts your attributes as you level up.


Message History

As you read the scroll of teleportation, it crumbles to dust.
You feel strangely unstable.
Casting: Swiftness (safe; 0% risk of failure)
Confirm with . or Enter, or press ? or * to list all spells.
You blink.
Splash!
You fall into the shallow water.
Moving in this stuff is going to be slow.
A swamp dragon, a swamp drake and a seven-headed hydra come into view.
The swamp dragon roars deafeningly!
The swamp drake roars!
You hear a roar! x2
You hear a deafening roar!
The six-headed hydra bites you!
The six-headed hydra bites you but does no damage.
The six-headed hydra bites you! The six-headed hydra bites you.
The six-headed hydra bites you but does no damage.
The six-headed hydra closely misses you.
The seven-headed hydra moves out of view.
Casting: Blink (safe; 1% risk of failure)
Confirm with . or Enter, or press ? or * to list all spells.
You are still too unstable to blink.
Okay, then.
Okay, then.
You feel very buoyant.
You fly up into the air.
You feel stable enough to blink again. The six-headed hydra bites you!
* * * LOW HITPOINT WARNING * * *
The six-headed hydra closely misses you.
The six-headed hydra bites you.
* * * LOW HITPOINT WARNING * * *
The six-headed hydra bites you.
* * * LOW HITPOINT WARNING * * *
The six-headed hydra misses you. The six-headed hydra bites you!
* * * LOW HITPOINT WARNING * * *
A swamp drake comes into view.
A swamp dragon comes into view.
The six-headed hydra misses you. The six-headed hydra barely misses you.
The six-headed hydra closely misses you.
The six-headed hydra completely misses you.
The six-headed hydra bites you!
You die...

♣♣~#.≈..♣♣ ♣♣♣
♣..(.♣♣♣ ♣♣
♣...♣♣♣♣♣.≈♣ ###
♣~.~≈♣♣.≈#####≈≈### ≈
♣...♣♣.####~#≈~≈≈§#≈~
♣.......~##≈.≈≈~≈~~.≈
♣.~........†.........
♣..♣≈...##D~##≈≈..~.≈
♣.♣♣♣.######D@≈≈.#
♣♣~ ♣♣.≈## ##k##...kD
~~ ♣♣.≈# #≈~~ .≈~
♣..§.≈≈♣♣# ≈≈≈D~≈ #
§....#≈ ≈~#≈D≈#
~#...≈≈ #≈≈.#.#D~
...~#~♣ ≈.~≈ ~≈ ≈ ~~
≈≈ ≈~.. ~. ~ ~≈≈


You could see a six-headed hydra, 4 swamp dragons and 2 swamp drakes.

Vanquished Creatures
  Mara (Swamp:3)
  Nikola (Swamp:3)
  Jorgrun (D:15)
  Gastronok (D:11)
  A frost giant (shapeshifter) (D:13)
  A minotaur (Gauntlet)
  2 eleionomae
  7 bunyips
  Josephine (Orc:2)
  A rakshasa (D:13)
  10 hydras
  7 boulder beetles
  5 two-headed ogres
  6 alligators
  4 centaur warriors (D:13)
  2 dancing weapons (D:14)
  10 death yaks (Lair:4)
  An orc high priest (Orc:1)
  3 tengu warriors
  A vampire mage (D:15)
  2 skeletal warriors (D:15)
  4 goliath frogs
  3 spriggan druids
  5 bog bodies
  3 swamp dragons
  6 orc knights
  Pikel (D:7)
  A necromancer (D:15)
  An iron dragon zombie (D:15)
  8 ugly things
  A tengu zombie (D:15)
  A deep elf pyromancer (D:14)
  5 cyclopes
  A salamander (shapeshifter) (D:13)
  Maurice (D:12)
  2 manticores
  4 black mambas
  13 elephants
  2 torpor snails
  An ice statue (D:10)
  A gargoyle (D:11)
  An efreet (D:14)
  A kobold demonologist (D:10)
  A rime drake (Lair:5)
  16 cane toads
  7 komodo dragons
  5 tengu conjurers
  A bloated husk (Swamp:4)
  4 hornets
  3 meliai (D:15)
  8 polar bears (Lair:5)
  2 trolls
  6 tyrant leeches
  23 blink frogs
  12 dream sheep (Lair:3)
  4 raiju (Lair:5)
  2 spriggan zombies (D:15)
  A shadow (D:10)
  7 wraiths
  Sigmund (D:4)
  4 slime creatures
  A centaur simulacrum (D:15)
  A vampire (D:12)
  3 wyverns
  3 spriggans
  7 basilisks
  41 yaks
  3 steam dragons
  17 vampire mosquitoes
  16 wargs
  Menkaure (D:4)
  2 nagas (Lair:2)
  19 water moccasins
  13 swamp worms
  4 acid dragons
  2 swamp drakes (Swamp:4)
  12 hell hounds (Lair:5)
  An ice beast (D:5)
  3 sky beasts
  47 orc warriors
  10 black bears
  5 ogres
  16 wolves
  14 centaurs
  2 lemures (D:7)
  2 kobold brigands
  11 bullfrogs
  17 wights
  13 killer bees
  2 howler monkeys (D:12)
  5 electric eels
  4 jellies
  A small abomination (Gauntlet)
  4 hounds
  22 orc priests
  A gnoll bouda (D:5)
  7 iguanas
  3 sleepcaps
  Natasha (thrice) (D:2)
  17 orc wizards
  A hell rat (Sewer)
  Robin (D:4)
  15 gnolls
  5 adders
  4 river rats (Sewer)
  A white imp (D:7)
  6 worms
  3 dart slugs
  93 orcs
  6 ball pythons
  7 endoplasms
  A giant cockroach (D:6)
  13 goblins
  11 hobgoblins
  3 jackals
  5 quokkas
  4 bats
  5 frilled lizards
  14 kobolds
  11 rats
805 creatures vanquished.

Vanquished Creatures (collateral kills)
  A polar bear (Lair:5)
  A tyrant leech (Swamp:3)
  A hell hound (Lair:5)
  3 black bears (Lair:5)
6 creatures vanquished.

Vanquished Creatures (others)
  A bunyip (Swamp:3)
  2 swamp worms (Swamp:3)
  A bullfrog (D:6)
4 creatures vanquished.

Grand Total: 815 creatures vanquished

Notes
Turn   | Place    | Note
-------+----------+-------------------------------------------
     0 | D:1      | kawopi the Demigod Air Elementalist began the quest for the
                  | Orb.
     0 | D:1      | Reached XP level 1. HP: 14/14 MP: 5/5
   113 | D:1      | Reached skill level 1 in Conjurations
   325 | D:1      | Reached XP level 2. HP: 20/20 MP: 2/7
   654 | D:1      | Found Xunygaum's Armour Emporium.
  1399 | D:2      | Noticed Natasha
  1409 | D:2      | Reached XP level 3. HP: 18/26 MP: 6/8
  1413 | D:2      | Killed Natasha
  1414 | D:2      | Reached skill level 1 in Necromancy
  1522 | D:2      | Noticed Natasha
  1526 | D:2      | Killed Natasha
  1527 | D:2      | Reached XP level 4. HP: 33/33 MP: 5/10
  1725 | D:2      | Noticed Natasha
  1728 | D:2      | Killed Natasha
  1881 | D:3      | Learned a level 3 spell: Swiftness
  1884 | D:3      | Learned a level 2 spell: Static Discharge
  3080 | D:4      | Identified a scroll of acquirement
  3080 | D:4      | Acquired the -2 pair of boots "Qigiaz" {rPois Dex+8}
  3107 | D:4      | Reached XP level 5. HP: 38/38 MP: 8/11
  3303 | D:4      | Noticed Menkaure
  3421 | D:4      | Noticed a black bear
  3422 | D:4      | Noticed Sigmund
  3512 | D:4      | Noticed Robin
  3519 | D:4      | Killed Robin
  3639 | D:4      | Killed a black bear
  3649 | D:4      | Killed Sigmund
  3650 | D:4      | Reached XP level 6. HP: 45/45 MP: 6/14
  3658 | D:4      | Learned a level 4 spell: Airstrike
  3715 | D:4      | Learned a level 2 spell: Blink
  4689 | D:4      | Killed Menkaure
  4690 | D:4      | Reached XP level 7. HP: 45/50 MP: 2/16
  4770 | D:4      | Learned a level 2 spell: Sublimation of Blood
  4771 | D:5      | Entered Level 5 of the Dungeon
  5467 | D:5      | Identified the +1 tower shield "Utiofaf" {rF+}
  5474 | D:5      | Reached skill level 5 in Air Magic
  5511 | D:5      | Reached skill level 5 in Spellcasting
  5756 | D:5      | Reached XP level 8. HP: 51/57 MP: 14/19
  6251 | D:5      | Found a staircase to the Ecumenical Temple.
  6304 | D:6      | Noticed a boulder beetle
  6472 | D:6      | Identified the +2 buckler "Juamaklo" {Rampage rC++ rN+
                  | Will+}
  6737 | D:6      | Reached skill level 1 in Armour
  6906 | D:6      | Found a glowing drain.
  6919 | Sewer    | Entered a sewer
  7601 | D:6      | Killed a boulder beetle
  7602 | D:6      | Reached XP level 9. HP: 61/62 MP: 0/22
  7871 | D:6      | Reached skill level 1 in Evocations
  8153 | D:7      | Reached skill level 5 in Conjurations
  8472 | D:7      | Learned a level 3 spell: Stone Arrow
  9167 | D:7      | Noticed Pikel
  9170 | D:7      | Killed Pikel
  9601 | D:8      | Found Wowku's Jewellery Emporium.
  9672 | D:8      | Bought a ring of wizardry for 420 gold pieces
  9942 | D:8      | Reached XP level 10. HP: 69/69 MP: 4/25
 11129 | D:9      | Noticed a two-headed ogre
 11135 | D:9      | Killed a two-headed ogre
 11566 | D:9      | Found a staircase to the Lair.
 11909 | D:9      | Found Daonweh's Antique Armour Shop.
 11990 | D:9      | Reached XP level 11. HP: 25/74 MP: 16/28
 12751 | D:10     | Entered Level 10 of the Dungeon
 12791 | D:10     | Reached skill level 5 in Necromancy
 13848 | D:11     | Reached skill level 10 in Air Magic
 14390 | D:11     | Noticed a two-headed ogre
 14393 | D:11     | Killed a two-headed ogre
 14394 | D:11     | Reached skill level 10 in Spellcasting
 15138 | D:11     | Found a portal to a secret trove of treasure.
 15282 | D:11     | Noticed Gastronok
 15289 | D:11     | Killed Gastronok
 15461 | D:11     | Found Vemeg's Distillery.
 15748 | Lair:1   | Entered Level 1 of the Lair of Beasts
 16284 | Lair:1   | Reached XP level 12. HP: 81/81 MP: 3/31
 17017 | Lair:2   | Found a staircase to the Snake Pit.
 17108 | Lair:2   | Found a staircase to the Swamp.
 17232 | Lair:2   | Learned a level 5 spell: Fireball
 18169 | Lair:3   | Identified the +1 leather armour of Veujokof {rF+ rC+ Dex-4
                  | Stlth+}
 18375 | Lair:3   | Noticed a boulder beetle
 18385 | Lair:3   | Killed a boulder beetle
 18470 | Lair:3   | Found a runed translucent door.
 19460 | Lair:3   | Noticed AgateBread's ghost (journeyman TeAE)
 20412 | Lair:4   | Noticed an eight-headed hydra
 20416 | Lair:4   | Killed an eight-headed hydra
 20678 | Lair:4   | Reached XP level 13. HP: 88/88 MP: 21/34
 21835 | Lair:5   | Entered Level 5 of the Lair of Beasts
 25162 | Lair:5   | Reached XP level 14. HP: 94/94 MP: 26/36
 26529 | Lair:5   | Found a staircase to the Slime Pits.
 26717 | Lair:5   | Learned a level 7 spell: Orb of Destruction
 26861 | D:12     | Found a gate leading to a gauntlet.
 26911 | Gauntlet | Entered a Gauntlet
 26911 | Gauntlet | Found a transporter.
 26918 | Gauntlet | Found a transporter.
 26920 | Gauntlet | Found a transporter.
 26929 | Gauntlet | Found a runed translucent door.
 26931 | Gauntlet | Found a transporter.
 26933 | Gauntlet | Found a transporter.
 26941 | Gauntlet | Found a transporter.
 26957 | Gauntlet | Found a transporter.
 26972 | Gauntlet | Found a transporter.
 26979 | Gauntlet | Found a transporter.
 26994 | Gauntlet | Found a transporter.
 27006 | Gauntlet | Found a runed translucent door.
 27007 | Gauntlet | Found a transporter.
 27007 | Gauntlet | Found a transporter.
 27009 | Gauntlet | Found a runed translucent door.
 27050 | Gauntlet | Found a transporter.
 27064 | Gauntlet | Found a transporter.
 27185 | Gauntlet | Identified the +2 plate armour of Insatiable Hunger {Dex+5}
 27388 | Gauntlet | Identified the +1 helmet "Xogaig" {+Blink Int+2}
 27559 | Gauntlet | Identified the +2 war axe of the Lusting Gods {chaos, rF+
                  | Str+3}
 27559 | Gauntlet | Identified the ring "Kuzob" {rPois Int+6 Dex+3}
 28549 | D:12     | Noticed Maurice
 28551 | D:12     | Killed Maurice
 28913 | D:12     | Found a staircase to the Orcish Mines.
 29643 | D:13     | Found Boacloun's Weapon Shoppe.
 30007 | D:13     | Identified the +1 sling "Futill" {speed, Int+2 SInv}
 31602 | D:13     | Found Ahoziu's Book Emporium.
 31607 | D:13     | Bought the Vellum of the Earth for 720 gold pieces
 31616 | D:13     | Learned a level 8 spell: Maxwell's Capacitive Coupling
 31713 | Orc:1    | Entered Level 1 of the Orcish Mines
 31713 | Orc:1    | Found a transporter.
 31850 | Orc:1    | Noticed an Executioner
 31853 | Orc:1    | Noticed an orc warlord
 32471 | Orc:1    | Found a transporter.
 32579 | Orc:1    | Found a one-way gate to the infinite horrors of the Abyss.
 32664 | Orc:1    | Noticed croobank's ghost (adept OpSu)
 32726 | Orc:2    | Entered Level 2 of the Orcish Mines
 33648 | Orc:2    | Noticed Josephine
 34604 | Orc:2    | Killed Josephine
 35173 | Orc:2    | Found a staircase to the Elven Halls.
 35705 | Orc:2    | Found Giunaet's Antique Armour Shop.
 35705 | Orc:2    | Found Unuycimi's Distillery.
 35768 | Orc:2    | Found Vifummaw's Jewellery Shoppe.
 36017 | Orc:2    | Found Foczev's Armour Shop.
 36017 | Orc:2    | Found Gepryic's Antique Armour Emporium.
 36348 | D:14     | Found a gate to the Vaults.
 36517 | D:13     | Noticed a quicksilver dragon
 36523 | D:13     | Reached skill level 15 in Spellcasting
 36684 | D:13     | Noticed a frost giant
 36690 | D:13     | Killed a frost giant
 36812 | D:13     | Found Rator's Jewellery Shoppe.
 37125 | D:14     | Reached skill level 15 in Air Magic
 37345 | D:14     | Reached XP level 15. HP: 97/100 MP: 31/39
 38354 | D:15     | Entered Level 15 of the Dungeon
 38633 | D:15     | Noticed Jorgrun
 38803 | D:15     | Killed Jorgrun
 39930 | D:15     | Found a staircase to the Depths.
 40469 | Swamp:1  | Entered Level 1 of the Swamp
 42267 | Swamp:2  | Reached skill level 10 in Conjurations
 42993 | Swamp:2  | Reached skill level 1 in Fighting
 43930 | Swamp:3  | Noticed Nikola
 44267 | Swamp:3  | Killed Nikola
 44268 | Swamp:3  | Reached skill level 1 in Translocations
 44805 | Swamp:3  | Noticed Mara
 44808 | Swamp:3  | Noticed kawopi's illusion
 44809 | Swamp:3  | Killed Mara
 45113 | Swamp:4  | Entered Level 4 of the Swamp
 45695 | Swamp:4  | HP: 3/103 [six-headed hydra (14)]
 45696 | Swamp:4  | Slain by a six-headed hydra

Illustrated notes

Levels and vault maps discovered:
D:1:      dpeg_arrival_brainrot, layout_loops_ring, serial_shops, shop,
          minmay_curled_crystal
D:2:      layout_basic, basic_altar, uniq_natasha
D:3:      layout_basic
D:4:      layout_layer_cave, uniq_sigmund, uniq_robin, uniq_menkaure
D:5:      layout_basic, old_standard_altar, minmay_temple_entry_fiery
D:6:      layout_gridville, mainiacjoe_overflow_concentric_impassable,
          fedhas_altar_4, cheibrodos_sewer_entry_drain, minmay_diced_spiral
D:7:      layout_gridville, nemelex_spade_bored_becter,
          grunt_temple_overflow_open, uniq_pikel
D:8:      layout_basic, serial_shops, nicolae_shop_tiny_statue_garden
D:9:      layout_stronghold, old_standard_altar, minmay_lair_entry_grove,
          serial_shops, shop, enter_bailey_7
D:10:     layout_long_grid, kennysheep_little_box, lemuel_crystal_altar,
          nicolae_qazlal_style_of_elements, minivault_16
D:11:     layout_cave_pools, nicolae_trove_entry_columns, serial_shops,
          kennysheep_mini, uniq_gastronok
D:12:     layout_long_grid, david_orc_1_choice, gauntlet_entry_generic,
          minmay_lizard_king, uniq_maurice
D:13:     layout_roguey [special_room_orc], serial_shops, shop,
          nicolae_shop_bloodbath_and_beyond, shop
D:14:     layout_cave_pools, erik_vaults_1
D:15:     gammafunk_depths_entry_grave, layout_rooms, uniq_jorgrun
Lair:1:   layout_regular_city
Lair:2:   layout_long_grid, skrybe_swamp_entry_bodies,
          guppyfry_snake_entry_garden
Lair:3:   layout_roguey, ebering_ghost_xom, serial_bayou_shore_a
Lair:4:   beast_lair_carwin_large_2, layout_gridlike, serial_rivers,
          chequers_serial_rivers_room_b, chequers_serial_rivers_micro_a,
          chequers_serial_rivers_micro_e, chequers_serial_rivers_micro_b
Lair:5:   hangedman_lair_caniforms_friends, layout_misc_corridors,
          slime_entry_1, chequers_serial_rivers_room_a,
          pdpol_lair_cavern_descent
Swamp:1:  layout_falls_marsh, evilmike_swamp_ruin_house_5
Swamp:2:  layout_basic_swamp, nicolae_swamp_some_circles
Swamp:3:  layout_falls_marsh, nicolae_swamp_small_spring,
          infiniplex_staircase_pool, uniq_nikola, uniq_mara
Swamp:4:  swamp_old_school, layout_basic_swamp, swamp_pool2,
          nicolae_swamp_treefoil, worms_lemuel
Orc:1:    layout_diamond_mine, gammafunk_ghost_abyssal_escape, abandoned_shop
Orc:2:    st_orc_town, layout_caves, serial_shops, shop, uniq_josephine

Skill      XL: |  1  2  3  4  5  6  7  8  9 10 11 12 13 14 15 |
---------------+----------------------------------------------+-----
Conjurations   | 1 2 3 4 5 6 7 8 9 11 | 11.4
Spellcasting   | 2 3 4 5 6 7 8 10 12 13 15 | 15.5
Air Magic      | 3 4 5 6 7 9 10 12 13 15 | 15.3
Necromancy     | 1 2 3 4 5 6 7 8 9 |  9.7
Dodging        | 2 3 |  3.5
Stealth        | 2 4 |  4.1
Armour         | 1 2 4 |  4.1
Evocations     | 1 |  1.3
Fighting       | 1 |  1.7
Translocations | 1 |  1.2
Maces & Flails | |  0.7
Staves         | |  0.8
Fire Magic     | |  0.7
Earth Magic    | |  0.2

Action                     |  1- 3 |  4- 6 |  7- 9 | 10-12 | 13-15 || total
---------------------------+-------+-------+-------+-------+-------++-------
  Melee: Whip              |    28 |     6 |       |       |       ||    34
         Staff             |       |    12 |     8 |     6 |    67 ||    93
         Punch             |       |       |       |       |     2 ||     2
   Cast: Shock             |    59 |   115 |   119 |    55 |    50 ||   398
         Swiftness         |       |     3 |     2 |     3 |    20 ||    28
         Airstrike         |       |     4 |    94 |   257 |   663 ||  1018
         Sublimation of Bl |       |       |    16 |    15 |    74 ||   105
         Stone Arrow       |       |       |     2 |    25 |    20 ||    47
         Fireball          |       |       |       |     3 |    59 ||    62
         Orb of Destructio |       |       |       |       |    83 ||    83
         Blink             |       |       |       |       |    11 ||    11
         Maxwell's Capacit |       |       |       |       |    10 ||    10
  Evoke: Wand              |       |     2 |    10 |       |     4 ||    16
    Use: Scroll            |     7 |     7 |     6 |     7 |    23 ||    50
         Potion            |     1 |     8 |       |     5 |    20 ||    34
 Armour: Robe              |    15 |     8 |     9 |       |    34 ||    66
         Acid dragon scale |       |       |       |    14 |       ||    14
         Leather armour    |       |       |       |     4 |    80 ||    84
  Dodge: Dodged            |    23 |    34 |    66 |    48 |   292 ||   463
